 Dungeon Crawl Stone Soup version 0.16.2-12-gd0ad4c3 (webtiles) character file.

12527 faibistes the Thaumaturge (level 11, -1/59 HPs)
             Began as a Deep Elf Wizard on Mar 27, 2018.
             Was the Champion of Sif Muna.
             Slain by a redback (12 damage)
             ... on level 4 of the Lair of Beasts on Mar 28, 2018.
             The game lasted 00:52:49 (15969 turns).

faibistes the Thaumaturge (Deep Elf Wizard)        Turns: 15969, Time: 00:52:51

Health: -1/59      AC:  5    Str:  4    XL:     11   Next: 63%
Magic:  32/42      EV: 15    Int: 30    God:    Sif Muna [******]
Gold:   495        SH:  0    Dex: 13    Spells: 10 memorised, 0 levels left

rFire  . . .     SeeInvis .     w - +8 dagger (venom)
rCold  . . .     Clarity  +     a - +0 robe
rNeg   . . .     SustAb   .     (no shield)
rPois  .         Gourm    .     b - +0 hat
rElec  .         Spirit   .     F - +2 cloak
rCorr  .         Warding  .     (no gloves)
rMut   .         Stasis   .     (no boots)
MR     +....                    v - amulet of clarity
Stlth  ++........               t - ring of magical power
                                l - +3 ring of intelligence

@: lethally poisoned (-1 -> -30), very slightly contaminated, hasted, repel
missiles, very quick, somewhat resistant to hostile enchantments, unstealthy
A: no striking features
a: Channel Energy, Forget Spell, Renounce Religion


You were on level 4 of the Lair of Beasts.
You worshipped Sif Muna.
Sif Muna was exalted by your worship.
You were not hungry.

You visited 3 branches of the dungeon, and saw 16 of its levels.
You also visited: Ossuary.

You collected 495 gold pieces.

Inventory:

Hand weapons
 i - a +1 dagger of freezing
 w - a +8 dagger of venom (weapon)
Armour
 a - a +0 robe (worn)
 b - a +0 hat (worn)
 F - a +2 cloak (worn)
Jewellery
 l - a +3 ring of intelligence (left hand)
 t - a ring of magical power (right hand)
 v - an amulet of clarity (around neck)
 x - an uncursed ring of protection from fire
 G - the ring of Neop {+Inv rElec Stlth+}
   (You found it on level 3 of the Lair of Beasts)

   [ring of stealth]

   It insulates you from electricity.
   It lets you turn invisible.
   It makes you more stealthy.
 S - an uncursed amulet of resist mutation
 W - an uncursed ring of protection from cold
 Z - an uncursed ring of positive energy
Magical devices
 c - a wand of fireball (4)
 p - a wand of fireball (2)
 E - a wand of slowing (36)
 H - a wand of lightning (4)
 J - a wand of heal wounds (6)
 L - a wand of frost (48)
 X - a wand of digging (6)
Scrolls
 e - a scroll of fog
 j - 3 scrolls of fear
 s - 7 scrolls of remove curse
 C - a scroll of identify
 D - a scroll of holy word
 K - a scroll of blinking
 M - a scroll of magic mapping
 O - 2 scrolls of recharging
 R - 2 scrolls of teleportation
Potions
 f - 2 potions of curing
 g - 2 potions of restore abilities
 h - 2 potions of brilliance
 m - 2 potions of cure mutation
 n - 2 potions of flight
 o - a potion of might
 u - 4 potions of agility
 z - 3 potions of invisibility
 A - a potion of ambrosia
 B - a potion of lignification
 V - a potion of haste
 Y - a potion of magic
Books
 y - a book of Geomancy

   Spells                             Type                      Level
   a - Sandblast                      Earth                        1
   b - Stoneskin                      Transmutation/Earth          2
   c - Passwall                       Transmutation/Earth          3
   d - Stone Arrow                    Conjuration/Earth            3
   e - Petrify                        Transmutation/Earth          4
   f - Lee's Rapid Deconstruction     Earth                        5
Comestibles
 d - 3 bread rations
 k - 2 chunks of flesh
 q - a slice of pizza
 r - 8 meat rations
 I - 3 beef jerkies
 P - 3 fruits


   Skills:
 + Level 2.8 Fighting
 + Level 7.1 Dodging
 - Level 2.4 Stealth
 * Level 11.3 Spellcasting
 + Level 7.1 Conjurations
 + Level 6.2 Charms
 - Level 5.0 Summonings
 + Level 5.1 Translocations
 * Level 2.4 Transmutations
 + Level 6.8 Fire Magic
 - Level 4.9 Ice Magic
 - Level 3.7 Air Magic
 * Level 1.3 Earth Magic
 - Level 2.4 Poison Magic
 * Level 6.4 Invocations
 + Level 3.4 Evocations


You couldn't memorise any spells.
You knew the following spells:

 Your Spells              Type           Power        Failure   Level  Hunger
a - Magic Dart            Conj           ####         1%          1    None
b - Conjure Flame         Conj/Fire      ######..     1%          3    None
c - Summon Ice Beast      Ice/Summ       #####...     4%          4    None
d - Blink                 Tloc           N/A          1%          2    None
e - Mephitic Cloud        Conj/Pois/Air  #####...     1%          3    None
f - Repel Missiles        Chrm/Air       #####.       1%          2    None
g - Passage of Golubria   Tloc           N/A          4%          4    None
h - Petrify               Trmt/Erth      ####....     17%         4    None
i - Ignite Poison         Fire/Trmt      #####.....   17%         5    ###....
x - Throw Icicle          Conj/Ice       ######..     2%          4    None


Dungeon Overview and Level Annotations

Branches:
Dungeon (10/15)            Temple (1/1) D:7            Lair (5/8) D:8
  Swamp: Lair:3-6    Shoals: Lair:3-6     Snake: Lair:3-6    Spider: Lair:3-6
    Orc: D:9-12

Altars:
Ashenzari
Dithmenos
Elyvilon
Fedhas
Gozag
Kikubaaqudgha
Makhleb
Nemelex Xobeh
Okawaru
Qazlal
Ru
Sif Muna
Trog
Vehumet
Xom
Yredelemnul
Zin
The Shining One

Shops:
D:5 %


Message History

You are very lightly contaminated with residual magic.
You feel very sick.
You feel sick.
You feel very sick.
You feel sick.
You feel sick.
There is a stone staircase leading down here.
You feel sick. The redback bites you!
* * * LOW HITPOINT WARNING * * *
You climb downwards.
* * * LOW HITPOINT WARNING * * *
You feel very sick.
There is a stone staircase leading up here.
Casting: Ignite Poison
Confirm with . or Enter, or press ? or * to list all spells.
You blink. 2 river rats come into view.
* * * LOW HITPOINT WARNING * * *
You feel sick. The redback bites you!
You die...

. .# ...#
#.#. ##..
###..#
#.###..P.##
#rr.......#
#.@#.#
###s§# ##.#
#.# #.# ..P
..# #.. #..


You could see a redback and 2 river rats.

Vanquished Creatures
  A death yak (D:8)
  Pikel (D:4)
  2 spiny frogs
  6 basilisks
  A blink frog (Lair:3)
  Eustachio (D:7)
  9 yaks
  2 hippogriffs (D:7)
  2 porcupines
  8 wolves
  A water moccasin (D:5)
  The ghost of faibistes the Magician, an average DEWz (D:4)
  A black bear (D:6)
  3 ice beasts
  7 ogres
  2 phantoms
  2 slaves (D:4)
  3 centaurs
  3 crocodiles (Lair:1)
  3 elf zombies (Ossuary)
  Blork the orc (D:6)
  9 giant frogs
  A big kobold (D:8)
  A scorpion (D:7)
  A goliath beetle (D:7)
  3 crimson imps
  A hound (D:6)
  7 centaur zombies
  A jelly (D:5)
  6 orc priests
  A giant frog zombie (D:7)
  2 orc wizards (D:5)
  A giant frog skeleton (D:7)
  3 human zombies (Ossuary)
  Natasha (twice) (D:3)
  A centaur skeleton (D:5)
  8 iguanas
  4 worker ants
  5 sheep
  3 mummies (Ossuary)
  19 river rats
  15 adders
  3 giant mites
  4 worms
  3 giant geckos
  25 orcs
  12 bats
  4 giant cockroaches
  11 hobgoblins
  A jackal (D:2)
  13 kobolds
  3 quokkas
  A ball python (D:4)
  A ball python skeleton (D:5)
  8 giant newts
  A giant spore (D:5)
  14 goblins
  15 rats
  A ballistomycete (D:5)
274 creatures vanquished.

Vanquished Creatures (collateral kills)
  2 black mambas (Lair:1)
  A spiny frog (Lair:1)
  2 komodo dragons (Lair:1)
  3 blink frogs (Lair:3)
  A wyvern (Lair:3)
  9 wolves
  6 yaks
  A centaur (D:8)
  A crocodile (Lair:3)
  5 giant frogs
  A hound (D:8)
  A worker ant (D:7)
  An adder (Lair:3)
  8 river rats
  3 kobolds (D:8)
  A quokka (Lair:3)
46 creatures vanquished.

Vanquished Creatures (others)
  A hobgoblin (D:6)
  3 fungi (Lair:1)
  A plant (Lair:1)
5 creatures vanquished.

Grand Total: 325 creatures vanquished

Notes
Turn   | Place    | Note
--------------------------------------------------------------
     0 | D:1      | faibistes, the Deep Elf Wizard, began the quest for the Orb.
     0 | D:1      | Reached XP level 1. HP: 10/10 MP: 6/6
   271 | D:1      | Reached XP level 2. HP: 15/15 MP: 3/9
   296 | D:1      | Learned a level 2 spell: Blink
   299 | D:1      | Learned a level 2 spell: Call Imp
  1132 | D:2      | Reached XP level 3. HP: 19/19 MP: 10/13
  1137 | D:2      | Learned a level 3 spell: Conjure Flame
  1141 | D:2      | Learned a level 3 spell: Mephitic Cloud
  1172 | D:2      | Reached skill level 5 in Spellcasting
  1327 | D:2      | Found a sparkling altar of Nemelex Xobeh.
  1947 | D:2      | Found a deep blue altar of Sif Muna.
  1951 | D:2      | Became a worshipper of Sif Muna the Loreminder
  1961 | D:2      | Found a shimmering altar of Xom.
  2342 | D:3      | Found a shattered altar of Ashenzari.
  2516 | D:2      | Reached XP level 4. HP: 17/24 MP: 14/17
  2599 | D:2      | Learned a level 2 spell: Repel Missiles
  2741 | D:3      | Noticed Natasha
  2754 | D:3      | Killed Natasha
  3078 | D:3      | Reached XP level 5. HP: 28/28 MP: 12/20
  3154 | D:3      | Noticed Natasha
  3158 | D:3      | Killed Natasha
  3158 | D:3      | Reached skill level 6 in Spellcasting
  3433 | D:4      | Found a white marble altar of Elyvilon.
  3531 | D:5      | Entered Level 5 of the Dungeon
  3547 | D:4      | Found a glowing silver altar of Zin.
  3576 | D:4      | Noticed an ogre
  3582 | D:4      | Noticed a phantom
  3652 | D:4      | Killed a phantom
  3652 | D:4      | Acquired Sif Muna's first power
  3652 | D:4      | Reached XP level 6. HP: 14/32 MP: 3/22
  3833 | D:4      | Killed an ogre
  4083 | D:5      | Reached skill level 1 in Air Magic
  4095 | D:4      | Noticed faibistes' ghost (average DEWz)
  4100 | D:4      | Killed faibistes' ghost
  4100 | D:4      | Reached skill level 1 in Fire Magic
  4532 | D:4      | Noticed Pikel
  4532 | D:4      | Noticed a slave
  4532 | D:4      | Noticed a slave
  4532 | D:4      | Noticed a slave
  4533 | D:4      | Noticed a slave
  4544 | D:4      | Killed a slave
  4549 | D:4      | Killed Pikel
  4549 | D:4      | Acquired Sif Muna's second power
  4549 | D:4      | Reached skill level 7 in Spellcasting
  4549 | D:4      | Reached skill level 1 in Poison Magic
  4549 | D:4      | Reached XP level 7. HP: 36/36 MP: 17/25
  4553 | D:4      | Killed a freed slave
  4720 | D:5      | Noticed a water moccasin
  4728 | D:5      | Killed a water moccasin
  4728 | D:5      | Reached XP level 8. HP: 41/41 MP: 18/27
  5146 | D:6      | Reached skill level 5 in Conjurations
  5198 | D:6      | Found a sand-covered staircase.
  5205 | Ossuary  | Entered an ossuary
  5282 | Ossuary  | Reached skill level 8 in Spellcasting
  5845 | Ossuary  | Reached skill level 5 in Dodging
  6102 | D:5      | Found an ancient bone altar of Kikubaaqudgha.
  6124 | D:6      | Noticed Blork the orc
  6158 | D:6      | Killed Blork the orc
  6312 | D:5      | Noticed an ice beast
  6370 | D:5      | Killed an ice beast
  6536 | D:5      | Reached skill level 9 in Spellcasting
  6662 | D:5      | Reached XP level 9. HP: 45/45 MP: 28/29
  6671 | D:5      | Learned a level 4 spell: Summon Ice Beast
  6676 | D:5      | Learned a level 4 spell: Throw Icicle
  6728 | D:5      | Reached skill level 1 in Charms
  6772 | D:5      | Noticed an ogre
  6780 | D:5      | Killed an ogre
  6780 | D:5      | Reached skill level 1 in Invocations
  6877 | D:5      | Found a radiant altar of Vehumet.
  6985 | D:5      | Noticed a centaur
  6989 | D:5      | Killed a centaur
  6989 | D:5      | Reached skill level 1 in Ice Magic
  7112 | D:5      | Noticed an ogre
  7164 | D:5      | Killed an ogre
  7534 | D:5      | Found Klocvul's Food Shop.
  8377 | D:6      | Reached skill level 1 in Fighting
  8445 | D:6      | Found a stormy altar of Qazlal.
  8747 | D:7      | Noticed Eustachio
  8749 | D:7      | Acquired Sif Muna's third power
  8842 | D:7      | Killed Eustachio
  8916 | D:7      | Found a staircase to the Ecumenical Temple.
  8934 | Temple   | Entered the Ecumenical Temple
  9210 | D:7      | Found a sacrificial altar of Ru.
  9220 | D:7      | Reached skill level 5 in Summonings
  9584 | D:8      | Noticed a death yak
  9594 | D:8      | Killed a death yak
  9594 | D:8      | Reached skill level 5 in Fire Magic
  9594 | D:8      | Reached XP level 10. HP: 20/53 MP: 13/31
  9874 | D:7      | Identified a scroll of acquirement
  9879 | D:7      | Learned a level 2 spell: Shroud of Golubria
 10286 | D:7      | Reached skill level 10 in Spellcasting
 10775 | D:10     | Entered Level 10 of the Dungeon
 10784 | D:8      | Found a staircase to the Lair.
 11004 | D:8      | Found an iron altar of Okawaru.
 11292 | Lair:1   | Entered Level 1 of the Lair of Beasts
 11295 | Lair:1   | Noticed a black mamba
 11302 | Lair:1   | Reached skill level 1 in Evocations
 11306 | Lair:1   | Killed a black mamba
 11522 | Lair:2   | Learned a level 4 spell: Passage of Golubria
 12253 | Lair:1   | Reached skill level 5 in Invocations
 12291 | Lair:1   | Reached XP level 11. HP: 56/59 MP: 9/32
 12446 | Lair:1   | Reached skill level 5 in Charms
 12591 | Lair:1   | Noticed a black mamba
 12971 | Lair:1   | Killed a black mamba
 13304 | Lair:3   | Received a gift from Sif Muna
 13333 | Lair:3   | Identified Sif Muna's Papyrus of Fiery Conjuration (Sif Muna gifted it to you on level 3 of the Lair of Beasts)
 13341 | Lair:3   | Learned a level 5 spell: Ignite Poison
 14571 | Lair:3   | Reached skill level 11 in Spellcasting
 14893 | Lair:4   | Reached skill level 1 in Transmutations
 15072 | Lair:2   | Learned a level 4 spell: Petrify
 15095 | Lair:3   | Reached skill level 5 in Translocations
 15605 | Lair:3   | Reached skill level 1 in Earth Magic
 15834 | Lair:3   | Got a shimmering granite ring
 15836 | Lair:3   | Identified the ring of Neop {+Inv rElec Stlth+} (You found it on level 3 of the Lair of Beasts)
 15969 | Lair:4   | Slain by a redback

Action                   |  1- 3 |  4- 6 |  7- 9 | 10-12 || total
-------------------------+-------+-------+-------+-------++-------
Melee: Dagger            |     3 |    15 |    58 |    60 ||   136
       Short sword       |       |       |    25 |       ||    25
 Cast: Magic Dart        |   106 |    71 |   223 |    83 ||   483
       Mephitic Cloud    |       |    11 |    23 |    25 ||    59
       Conjure Flame     |       |     8 |    47 |    18 ||    73
       Repel Missiles    |       |     1 |     1 |       ||     2
       Blink             |       |     1 |     6 |     8 ||    15
       Throw Icicle      |       |       |    23 |    79 ||   102
       Summon Ice Beast  |       |       |     4 |    37 ||    41
       Ignite Poison     |       |       |       |    15 ||    15
       Shroud of Golubri |       |       |       |     2 ||     2
Invok: Channel Energy    |       |       |     4 |     6 ||    10
  Use: Scroll            |     3 |     3 |    22 |    15 ||    43
       Potion            |       |       |     3 |     2 ||     5
 Stab: Confused          |       |     1 |     1 |       ||     2
       Sleeping          |       |       |     1 |       ||     1
  Eat: Chunk             |     5 |     5 |    15 |    21 ||    46
       Fruit             |       |       |     2 |     1 ||     3
